Map: Ice Cliffs

Players

JohnMcClane

  • Race: Protoss Protoss
  • League: Silver

JackONeill

  • Race: Zerg Zerg

Hindulaatti

  • Race: Terran Terran
  • League: Diamond

Norri

  • Race: Protoss Protoss

fenor

  • Race: Terran Terran

Skyfire

  • Race: Zerg Zerg

VOD

Have the link to the VOD?

Description

Time

  • Played on: Jan. 19, 2016, 12:49 p.m.
  • Length: 10:35
Show
View Real Time Build Order
Export as new Build Order

JohnMcClane Protoss 

Build Orders: Cannon Rush 

Get SALT Encoding   

  12  0:01  Probe (Chrono Boost)  
  13  0:11  Probe (Chrono Boost)  
  14  0:17  Pylon  
  14  0:22  Probe (Chrono Boost)  
  15  0:38  Forge  
  15  0:43  Probe (Chrono Boost)  
  16  1:05  Pylon  
  16  1:09  Pylon  
  16  1:23  Photon Cannon  
  16  1:24  Photon Cannon  
  16  1:27  Photon Cannon  
  16  1:30  Photon Cannon  
  15  1:42  Photon Cannon  
  15  1:49  Photon Cannon  
  15  1:54  Pylon  
  15  1:57  Probe (Chrono Boost)  
  16  2:10  Gateway  
  16  2:12  Probe (Chrono Boost)  
  16  2:14  Assimilator  
  17  2:22  Probe (Chrono Boost)  
  18  2:36  Probe (Chrono Boost)  
  19  2:39  Nexus  
  19  2:43  Pylon  
  19  2:47  Probe (Chrono Boost)  
  20  2:57  Probe (Chrono Boost)  
  21  2:58  Cybernetics Core  
  21  3:08  Probe (Chrono Boost)  
  22  3:18  Probe (Chrono Boost)  
  22  3:19  Assimilator  
  23  3:29  Probe (Chrono Boost)  
  24  3:39  Probe (Chrono Boost)  
  25  3:41  Photon Cannon  
  25  3:43  Warp Gate  
  25  3:50  Mothership Core (Chrono Boost)  
  25  3:53  Probe (Chrono Boost)  
  28  4:03  Probe (Chrono Boost)  
  28  4:04  Photon Cannon  
  28  4:08  Probe (Chrono Boost)  
  30  4:19  Probe (Chrono Boost)  
  31  4:32  Pylon  
  31  4:34  Probe x2 (Chrono Boost)  
  31  4:36  Assimilator  
  31  4:38  Assimilator  
  33  4:41  Twilight Council  
  33  4:42  Pylon  
  33  4:46  Probe (Chrono Boost)  
  33  4:47  Probe (Chrono Boost)  
  35  4:56  Gateway  
  35  4:57  Gateway  
  35  5:10  Probe (Chrono Boost)  
  36  5:18  Probe (Chrono Boost), Gateway  
  36  5:21  Probe (Chrono Boost)  
  38  5:27  Dark Shrine  
  38  5:31  Pylon  
  38  5:34  Probe (Chrono Boost)  
  39  5:41  Probe (Chrono Boost)  
  40  5:50  Protoss Ground Weapons Level 1 (Chrono Boost)  
  40  5:51  Probe (Chrono Boost)  
  40  5:52  Probe (Chrono Boost)  
  42  6:02  Probe (Chrono Boost)  
  42  6:03  Photon Cannon  
  43  6:17  Pylon  
  43  6:24  Charge  
  43  6:25  Pylon  
  43  6:26  Zealot  
  43  6:27  Zealot x2  
  49  6:40  Templar Archives  
  49  6:42  Dark Templar  
  49  6:43  Pylon  
  51  6:50  Dark Templar x3  
  57  7:10  Probe  
  57  7:11  Pylon, Probe  
  59  7:29  Photon Cannon  
  57  7:30  Photon Cannon  
  57  7:40  Photon Cannon  
  57  7:42  Photon Cannon  
  57  7:43  Pylon, Photon Cannon  
  53  7:56  High Templar x2  
  53  7:57  High Templar, Zealot  
  61  8:02  Protoss Ground Armor Level 1 (Chrono Boost)  
  61  8:15  Gateway  
  61  8:17  Gateway  
  61  8:19  Gateway  
  61  8:20  Gateway  
  61  8:24  Pylon  
  61  8:39  Zealot x4  
  67  8:42  Psionic Storm  
  67  8:48  Probe x2  
  69  9:08  High Templar x3  
  69  9:09  Zealot  
  77  9:12  Zealot x2  
  81  9:19  Zealot  
  83  9:36  Zealot  
  83  9:37  Zealot x4  
  61  9:56  Zealot x4  
  61  9:57  Zealot x2  
  71  10:18  Photon Cannon  
  71  10:20  Photon Cannon  
  71  10:22  Pylon  
  71  10:23  High Templar x3  
  71  10:24  High Templar  
  71  10:26  Zealot x3  
  71  10:28  Archon x2  
Show
View Real Time Build Order
Export as new Build Order

JackONeill Zerg 

Build Orders: Hatch First 

Get SALT Encoding   

  12  0:01  Drone  
  13  0:08  Drone  
  14  0:18  Overlord  
  14  0:24  Extractor  
  14  0:25  Drone  
  15  0:38  Drone x2  
  17  1:00  Hatchery  
  16  1:10  Drone, Spawning Pool  
  16  1:15  Drone  
  16  1:17  Extractor  
  16  1:30  Drone x2  
  18  1:38  Overlord  
  18  1:57  Queen  
  18  1:59  Zergling x4  
  22  2:08  Zergling x2  
  23  2:13  Queen  
  25  2:15  Drone  
  25  2:16  Drone  
  25  2:22  Metabolic Boost  
  27  2:35  Queen  
  29  2:37  Drone x2  
  29  2:38  Drone  
  32  2:51  Overlord  
  32  2:54  Queen  
  32  2:55  Drone  
  35  2:58  Drone  
  35  3:02  Overlord  
  36  3:10  Extractor  
  34  3:22  Drone x4  
  34  3:23  Drone x2  
  40  3:37  Drone x4  
  44  3:43  Overlord x2  
  44  3:46  Lair  
  44  3:59  Drone x2  
  44  4:02  Extractor x2  
  45  4:07  Spore Crawler  
  45  4:08  Drone x3  
  46  4:21  Overlord x2  
  46  4:27  Drone x3  
  46  4:28  Drone  
  46  4:29  Drone  
  51  4:36  Spore Crawler  
  50  4:55  Spire  
  49  5:02  Zergling x8  
  49  5:03  Zergling x10  
  58  5:16  Overlord x2  
  58  5:44  Overlord x2  
  58  6:02  Overlord x2  
  58  6:04  Overseer  
  58  6:09  Mutalisk x5  
  68  6:16  Hatchery  
  67  6:46  Mutalisk x5  
  77  7:02  Mutalisk  
  77  7:04  Zergling x10  
  77  7:08  Zerg Flyer Weapons Level 1  
  84  7:31  Mutalisk x2  
  88  7:41  Zergling x10  
  88  7:42  Zergling x2  
  94  7:47  Spore Crawler  
  94  7:50  Spore Crawler  
  92  7:54  Infestation Pit  
  91  8:13  Hatchery  
  88  8:24  Mutalisk x4  
  64  8:41  Zergling x8  
  64  8:42  Zergling x10  
  64  8:43  Zergling x8  
  76  8:53  Hive  
  76  8:54  Evolution Chamber  
  75  8:58  Drone  
  75  8:59  Drone x2  
  78  9:20  Mutalisk  
  78  9:21  Mutalisk x2  
  81  9:37  Mutalisk  
  81  9:38  Zergling x8  
  85  9:39  Zergling x12  
  91  9:58  Zergling x4  
  91  9:59  Zergling x6  
  96  10:10  Mutalisk  
  96  10:11  Mutalisk  
Show
View Real Time Build Order
Export as new Build Order

Hindulaatti Terran 

Build Orders: MMM Bio 

Get SALT Encoding   

  12  0:01  SCV  
  13  0:13  SCV  
  14  0:21  Supply Depot  
  14  0:25  SCV  
  15  0:42  SCV  
  16  0:44  Barracks  
  16  0:54  SCV  
  17  1:03  Barracks  
  17  1:07  SCV  
  18  1:17  Refinery  
  18  1:19  SCV  
  19  1:34  Marine  
  19  1:35  Orbital Command  
  20  1:50  Marine  
  20  1:52  Marine  
  22  2:02  SCV  
  22  2:04  Barracks  
  23  2:26  Command Center  
  23  2:33  Supply Depot  
  23  2:45  Factory  
  23  2:54  Barracks Reactor, SCV  
  23  2:55  Barracks Tech Lab  
  23  2:56  Supply Depot  
  24  3:05  Barracks Reactor  
  24  3:06  SCV  
  25  3:17  Refinery  
  25  3:18  SCV  
  25  3:19  Supply Depot  
  25  3:33  Factory Tech Lab  
  25  3:34  Marine  
  25  3:35  Marine  
  25  3:36  Marine  
  25  3:39  SCV  
  29  3:42  Supply Depot  
  29  3:51  Marine x2  
  29  3:52  Marine  
  29  3:53  Marine  
  29  3:54  Stimpack, Marine  
  29  3:55  Widow Mine  
  34  3:59  SCV  
  37  4:03  Orbital Command  
  37  4:09  Marine  
  38  4:16  Marine  
  39  4:17  Marine x3  
  42  4:31  Marine  
  42  4:34  Marine  
  42  4:35  Marine  
  42  4:37  SCV x2  
  47  4:39  Supply Depot  
  47  4:47  Siege Tank  
  50  4:53  Marine  
  50  4:54  Marine x2  
  53  5:14  SCV  
  53  5:15  SCV  
  55  5:21  Engineering Bay  
  55  5:27  SCV x2  
  57  5:33  Marine, Siege Tank  
  57  5:34  Marauder, Marine x3  
  66  5:38  Starport  
  66  5:43  SCV x2  
  66  5:47  Refinery  
  66  5:49  Refinery  
  68  5:54  Missile Turret  
  68  6:00  Marine x2  
  68  6:01  Marauder, Marine  
  73  6:05  Combat Shields  
  73  6:17  Siege Tank  
  76  6:20  Missile Turret  
  76  6:22  Supply Depot  
  76  6:24  Supply Depot  
  76  6:47  SCV x2  
  76  6:48  Sensor Tower  
  76  6:54  Supply Depot  
  78  6:57  Supply Depot  
  78  6:58  Supply Depot  
  78  6:59  Siege Tank, SCV x2  
  83  7:05  Starport Reactor  
  83  7:07  Starport  
  83  7:10  Marine  
  83  7:11  Marine x2  
  86  7:32  Missile Turret  
  86  7:33  Missile Turret, Marine x5  
  91  7:39  SCV  
  91  7:40  SCV  
  91  7:43  Medivac  
  95  7:50  Marine  
  95  7:51  Marine x2, SCV  
  90  8:15  Marine x2  
  90  8:16  Marauder, Marine x2, Siege Tank  
  90  8:17  Medivac x2  
  87  8:35  Terran Infantry Weapons Level 1  
  87  8:37  Engineering Bay, Armory  
  89  8:47  Medivac  
  86  8:48  Siege Tank  
  86  8:53  SCV  
  86  8:54  SCV  
  86  8:55  Factory, Starport Reactor  
  62  9:16  Marine  
  62  9:17  Marauder, Marine x3  
  60  9:19  Medivac  
  60  9:20  Medivac  
  60  9:21  Siege Tank  
  70  9:30  Missile Turret  
  70  9:31  Missile Turret  
  70  9:34  Marine  
  70  9:36  Barracks  
  70  9:57  Marine  
  70  9:58  Marine x4  
  75  10:13  Factory Tech Lab  
  81  10:15  Marine  
  81  10:16  Marine x4  
Show
View Real Time Build Order
Export as new Build Order

Norri Protoss 

Build Orders:  

Get SALT Encoding   

  12  0:18  Probe (Chrono Boost)  
  13  0:28  Pylon  
  13  0:29  Probe (Chrono Boost)  
  14  0:40  Probe (Chrono Boost)  
  15  0:50  Probe (Chrono Boost)  
  15  0:51  Gateway  
  16  1:01  Probe (Chrono Boost)  
  17  1:26  Assimilator  
  17  1:40  Cybernetics Core  
  17  1:41  Pylon  
  17  1:45  Probe (Chrono Boost)  
  18  1:55  Probe (Chrono Boost), Zealot (Chrono Boost)  
  21  2:28  Probe (Chrono Boost)  
  22  2:39  Probe (Chrono Boost)  
  23  2:46  Assimilator  
  23  2:49  Nexus  
  23  2:50  Probe (Chrono Boost)  
  23  2:51  Pylon, Warp Gate (Chrono Boost)  
  24  3:02  Probe (Chrono Boost)  
  25  3:21  Probe (Chrono Boost)  
  26  3:30  Robotics Facility  
  26  3:31  Probe (Chrono Boost)  
  26  3:33  Gateway  
  27  3:34  Gateway  
  27  3:42  Probe (Chrono Boost)  
  28  3:49  Stalker  
  28  3:52  Probe (Chrono Boost)  
  31  3:56  Pylon  
  31  4:03  Probe (Chrono Boost)  
  31  4:08  Probe (Chrono Boost)  
  33  4:13  Probe (Chrono Boost)  
  34  4:18  Probe (Chrono Boost)  
  34  4:19  Observer  
  36  4:36  Gateway  
  36  4:38  Mothership Core (Chrono Boost), Pylon  
  38  4:57  Stalker  
  38  4:58  Stalker x2  
  44  5:11  Probe  
  44  5:13  Robotics Bay, Probe  
  46  5:18  Assimilator  
  46  5:20  Assimilator  
  46  5:21  Probe  
  46  5:25  Probe  
  48  5:33  Probe (Chrono Boost), Zealot  
  48  5:34  Zealot x2  
  55  5:37  Probe (Chrono Boost)  
  56  5:46  Probe (Chrono Boost)  
  57  5:50  Forge  
  57  5:53  Forge  
  57  5:55  Pylon  
  57  5:56  Probe (Chrono Boost)  
  59  5:58  Probe (Chrono Boost)  
  59  6:05  Probe (Chrono Boost)  
  59  6:06  Colossus (Chrono Boost)  
  59  6:09  Probe  
  67  6:11  Zealot  
  69  6:21  Pylon  
  69  6:22  Pylon  
  69  6:24  Pylon  
  68  6:48  Protoss Ground Weapons Level 1  
  68  6:49  Protoss Ground Armor Level 1  
  68  6:50  Probe  
  69  7:01  Probe, Zealot x2  
  75  7:02  Zealot  
  82  7:12  Photon Cannon  
  80  7:21  Observer (Chrono Boost)  
  68  7:33  Photon Cannon  
  68  7:36  Photon Cannon  
  68  7:41  Zealot  
  68  7:42  Zealot x3  
  76  7:50  Colossus (Chrono Boost)  
  81  8:04  Zealot  
  81  8:05  Zealot x3  
  67  8:29  Zealot x2  
  67  8:30  Zealot x2  
  67  8:54  Zealot x2  
  67  8:55  Zealot x2  
  75  8:58  Observer (Chrono Boost)  
  76  9:19  Colossus (Chrono Boost)  
  82  9:44  Zealot  
  82  9:45  Zealot x2  
  86  9:46  Zealot  
  80  10:03  Twilight Council  
  82  10:16  Stalker x2, Zealot  
  82  10:17  Stalker  
  88  10:30  Nexus  
  88  10:32  Pylon  
  88  10:34  Pylon  
Show
View Real Time Build Order
Export as new Build Order

fenor Terran 

Build Orders: Mech 

Get SALT Encoding   

  12  0:01  SCV  
  13  0:13  SCV  
  14  0:18  Supply Depot  
  14  0:25  SCV  
  15  0:29  Refinery  
  15  0:43  Barracks  
  15  0:45  SCV  
  16  0:57  SCV  
  17  1:09  SCV  
  18  1:21  SCV  
  19  1:33  Marine  
  20  1:40  Orbital Command, Bunker  
  20  1:51  Marine  
  21  2:10  Reaper  
  21  2:13  SCV  
  23  2:16  Factory, Refinery  
  23  2:32  Supply Depot  
  23  2:49  Barracks Reactor  
  23  2:57  SCV  
  24  3:02  Command Center, Hellion  
  26  3:13  SCV  
  27  3:21  Armory  
  27  3:27  SCV  
  27  3:30  Supply Depot  
  28  3:40  SCV  
  29  3:49  Factory  
  29  3:52  SCV  
  29  3:54  Barracks Tech Lab  
  29  3:55  Hellion x2  
  34  4:04  SCV  
  35  4:10  Engineering Bay  
  35  4:16  Orbital Command  
  34  4:21  Hellion  
  34  4:22  Hellion  
  38  4:27  SCV  
  39  4:36  Terran Vehicle Weapons Level 1  
  39  4:43  Missile Turret  
  39  4:46  Missile Turret  
  39  4:48  SCV  
  39  4:49  Refinery, SCV  
  41  4:56  Infernal Pre-Igniter  
  41  5:01  SCV x2  
  43  5:12  Siege Tank  
  43  5:13  SCV  
  47  5:16  SCV  
  48  5:25  SCV  
  48  5:28  Hellion x2  
  53  5:29  SCV  
  53  5:30  Factory  
  52  5:50  Factory  
  52  5:53  Supply Depot  
  52  5:54  Supply Depot, Refinery  
  52  6:02  Hellion  
  54  6:05  Missile Turret  
  54  6:10  Barracks Tech Lab  
  54  6:15  Siege Tank, Hellion  
  57  6:31  Terran Vehicle Weapons Level 2  
  55  6:39  Factory Tech Lab  
  55  6:40  SCV  
  56  6:47  Thor  
  56  6:53  Hellion x2  
  62  6:55  SCV  
  63  7:02  Thor  
  63  7:03  Missile Turret  
  69  7:08  Command Center  
  69  7:11  SCV  
  70  7:15  SCV  
  70  7:17  Missile Turret  
  65  7:24  SCV  
  66  7:58  SCV  
  64  8:02  Thor  
  64  8:04  Siege Tank  
  70  8:08  Siege Tank  
  70  8:10  SCV  
  55  8:20  SCV  
  55  8:22  SCV  
  52  8:32  SCV  
  53  8:34  SCV  
  54  8:49  SCV  
  54  8:50  SCV  
  54  9:09  SCV  
  54  9:15  Hellion x3  
  54  9:16  Siege Tank  
  63  9:36  Hellion  
  63  9:37  Hellion  
  67  9:39  Hellion  
  69  9:58  SCV  
  70  10:03  Refinery  
  70  10:04  Supply Depot  
  70  10:06  Supply Depot  
Show
View Real Time Build Order
Export as new Build Order

Skyfire Zerg 

Build Orders: Hatch First 

Get SALT Encoding   

  12  0:01  Drone  
  13  0:12  Drone  
  14  0:17  Overlord  
  14  0:36  Drone x3  
  17  0:56  Hatchery  
  16  0:57  Drone  
  16  1:00  Drone  
  18  1:09  Drone  
  19  1:12  Extractor  
  18  1:29  Drone  
  18  1:31  Overlord  
  19  1:34  Spawning Pool  
  18  1:42  Drone  
  19  2:03  Drone  
  19  2:04  Drone  
  21  2:09  Drone  
  22  2:25  Overlord  
  22  2:26  Drone x2  
  24  2:30  Queen  
  24  2:31  Queen  
  28  2:45  Drone x4  
  28  2:50  Metabolic Boost  
  32  2:53  Drone  
  32  2:56  Drone  
  34  3:00  Spine Crawler  
  34  3:02  Drone  
  34  3:07  Drone  
  34  3:11  Lair  
  35  3:15  Drone  
  35  3:18  Extractor  
  35  3:19  Drone  
  36  3:25  Evolution Chamber, Drone  
  36  3:31  Overlord  
  36  3:38  Drone, Extractor  
  36  3:39  Extractor  
  36  3:40  Drone  
  36  3:43  Overlord  
  36  3:53  Drone x5  
  36  3:54  Drone  
  42  3:58  Spore Crawler  
  41  4:05  Spore Crawler  
  41  4:06  Drone x2  
  42  4:14  Zergling x2  
  43  4:18  Zergling x6  
  43  4:19  Zergling x2  
  43  4:21  Zergling x2  
  43  4:22  Zergling x4  
  50  4:31  Spire  
  49  4:32  Drone x2  
  49  4:38  Drone  
  52  4:50  Overlord x2  
  52  5:02  Overlord  
  52  5:03  Overlord  
  52  5:12  Drone  
  52  5:13  Drone x4  
  52  5:14  Hatchery  
  56  5:18  Drone x2  
  56  5:20  Drone  
  59  5:22  Drone x2  
  59  5:24  Drone  
  59  5:27  Drone  
  63  5:32  Spine Crawler  
  63  5:35  Drone  
  63  5:37  Drone  
  64  5:43  Extractor  
  64  5:45  Drone, Extractor  
  64  5:46  Zerg Flyer Weapons Level 1  
  64  5:49  Overlord  
  63  6:00  Mutalisk x4  
  63  6:03  Mutalisk  
  73  6:06  Mutalisk  
  73  6:10  Mutalisk  
  77  6:14  Mutalisk  
  77  6:17  Mutalisk  
  80  6:21  Mutalisk  
  80  6:23  Mutalisk  
  84  6:26  Mutalisk  
  86  6:36  Spore Crawler, Mutalisk x2  
  89  6:40  Drone x2  
  89  6:46  Queen  
  91  6:48  Drone  
  91  6:51  Mutalisk  
  96  7:01  Overlord x2  
  96  7:06  Infestation Pit  
  95  7:09  Overseer  
  95  7:19  Overseer  
  95  7:20  Spine Crawler  
  95  7:22  Mutalisk x4  
  96  7:26  Mutalisk  
  97  7:43  Mutalisk x4  
  100  7:44  Mutalisk  
  100  7:49  Queen  
  102  7:53  Mutalisk  
  102  7:56  Zergling x4  
  106  8:01  Mutalisk  
  106  8:20  Mutalisk x3  
  110  8:36  Zergling x6  
  110  8:37  Zergling x2  
  113  8:53  Overlord x2  
  113  8:54  Overlord  
  113  9:01  Mutalisk x4  
  113  9:02  Mutalisk  
  109  9:10  Mutalisk  
  109  9:11  Drone  
  109  9:12  Drone x2  
  114  9:18  Spine Crawler  
  113  9:35  Mutalisk x3  
  113  9:36  Zergling x4  
  113  9:37  Zergling x4  
  123  10:08  Mutalisk  
  123  10:09  Mutalisk x5  
Tags
 
Add a new tag
Caveats
  • Supply blocks, unpowered buildings, or Contaminate may cause inaccurate times.
  • Supply counts are checked every 10 seconds.